 Dungeon Crawl Stone Soup version 0.28-a0-843-gb979743d38 (webtiles) character file.

Game seed: 13412904647780202118

273 Iepvzaeh the Covered (level 6, -7/53 HPs)
             Began as a Minotaur Fighter on Nov 12, 2021.
             Mangled by a gnoll (9 damage)
             ... on level 4 of the Dungeon.
             The game lasted 00:06:08 (4229 turns).

Iepvzaeh the Covered (Minotaur Fighter)             Turns: 4229, Time: 00:06:09

Health: -7/53      AC: 10    Str: 22    XL:     6   Next: 3%
Magic:  5/5        EV: 10    Int:  5    God:
Gold:   215        SH:  0    Dex: 10    Spells: 5/5 levels left

rFire   . . .      SeeInvis +   f - +0 executioner's axe
rCold   . . .      Faith    .   (shield currently unavailable)
rNeg    . . .      Spirit   .   b - +0 scale mail
rPois   .          Reflect  .   (helmet restricted)
rElec   .          Harm     .   g - +2 cloak
rCorr   .          Rampage  .   (no gloves)
Will    .....                   (no boots)
Stlth   ..........              (no amulet)
HPRegen 0.17/turn               n - ring of see invisible
MPRegen 0.09/turn               (no ring)

@: no status effects
A: horns 2, retaliatory headbutt
a: no special abilities


You were on level 4 of the Dungeon.
You visited 1 branch of the dungeon, and saw 4 of its levels.

You collected 215 gold pieces.

Inventory:

Hand Weapons
 a - a +0 war axe
 f - a +0 executioner's axe (weapon)
Missiles
 i - a boomerang (quivered)
 j - 71 poisoned darts
 l - 32 arrows
Armour
 b - a +0 scale mail (worn)
 c - a +0 buckler
 g - a +2 cloak (worn)
Jewellery
 n - a ring of see invisible (left hand)
Wands
 o - a wand of iceblast (10)
Scrolls
 h - 2 scrolls of identify {unknown}
 k - 3 scrolls of fog {unknown}
 m - a scroll of fear {unknown}
 p - a scroll of enchant armour {unknown}
 r - a scroll of magic mapping {unknown}
Potions
 d - a potion of flight {unknown}
 e - a potion of berserk rage {unknown}
 q - a potion of heal wounds {unknown}


   Skills:
 + Level 4.4 Fighting
 + Level 5.0 Axes
 + Level 1.0 Throwing
 + Level 5.1 Armour
 + Level 1.2 Dodging
 + Level 0.2 Stealth
 + Level 4.3 Shields


You had 5 spell levels left.
You didn't know any spells.
Your spell library contained the following spells:

 Spells                   Type           Power      Damage    Failure   Level
 Foxfire                  Conj/Fire      0%         2x1d4     78%         1
 Corpse Rot               Necr/Air       0%         N/A       89%         2
 Poisonous Vapours        Pois/Air       0%         N/A       89%         2
 Call Canine Familiar     Summ           0%         N/A       98%         3
 Conjure Flame            Conj/Fire      0%         6-21      98%         3
 Inner Flame              Hex/Fire       0%         N/A       98%         3
 Portal Projectile        Hex/Tloc       0%         N/A       98%         3
 Flame Wave               Conj/Fire      0%         3d3       100%        4
 Leda's Liquefaction      Hex/Erth       0%         N/A       100%        4


Dungeon Overview and Level Annotations

Branches:
Dungeon (4/15)
 Temple: D:4-7

Altars:
Gozag
Kikubaaqudgha
Qazlal
Uskayaw
Vehumet


Innate Abilities, Weirdness & Mutations

You have a pair of horns on your head.
You reflexively headbutt those who attack you in melee.


Message History

The gnoll is severely wounded.
The gnoll hits you from afar with a +0 halberd!
The gnoll hits you but does no damage. The gnoll closely misses you.
The gnoll hits you but does no damage.
You completely miss the gnoll.
The gnoll is severely wounded.
The gnoll hits you but does no damage. x2
The gnoll hits you from afar with a +0 halberd.
The gnoll barely misses you.
You completely miss the gnoll.
The gnoll is severely wounded.
The gnoll hits you from afar with a +0 halberd!
The gnoll hits you but does no damage.
You are too injured to fight recklessly!
You are too injured to fight recklessly!
You barely miss the gnoll. Your headbutt misses the gnoll.
The gnoll is severely wounded.
The gnoll hits you from afar with a +0 halberd!
The gnoll closely misses you. You furiously retaliate!
You headbutt the gnoll.
You kill the gnoll!
The gnoll barely misses you.
You have reached level 6!
Your experience leads to an increase in your attributes!
Increase (S)trength, (I)ntelligence, or (D)exterity?
You feel stronger. The gnoll hits you with a +0 halberd!
* * * LOW HITPOINT WARNING * * *
An adder skeleton comes into view.
Things that are here:
a +0 club; a +0 ring mail; a throwing net Your scale mail prevents you from hitting the gnoll.
Your headbutt misses the gnoll. The gnoll hits you with a +0 halberd.
* * * LOW HITPOINT WARNING * * *
The gnoll hits you with a +0 halberd.
* * * LOW HITPOINT WARNING * * *
You barely miss the gnoll.
The adder skeleton bites you but does no damage.
The gnoll closely misses you.
The gnoll hits you from afar with a +0 halberd!
You die...

.......# #.####.##....#
#.# .####..#
#......#####)###.# .#
##..#####..###...........#
.# #........†(#
#.#####.##### .#
#...####...# #.# #.# .#
#..†# #...# #.# #.#
.###...####...# #.# #.#
..............###.#####.#
#.............gZ@.......#
#.##......#....##.#######
.. #..##..#....##.# #
#......#....##.#
#......>..####.#
##.##.##..# #.# #. #.##..#
#.# #..####.# #.......#


You could see a gnoll and an adder skeleton.

Vanquished Creatures
  A kobold brigand (D:4)
  A jelly (D:3)
  Jessica (D:2)
  Natasha (D:1)
  2 gnolls (D:4)
  2 adders
  An adder skeleton (D:4)
  A worm (D:3)
  2 dart slugs
  4 orcs
  5 endoplasms
  3 giant cockroaches
  3 goblins
  4 hobgoblins
  6 jackals (D:4)
  2 quokkas
  7 ball pythons
  7 bats
  4 frilled lizards (D:1)
  15 kobolds
  2 rats
74 creatures vanquished.

Notes
Turn   | Place    | Note
-------+----------+-------------------------------------------
     0 | D:1      | Iepvzaeh the Minotaur Fighter began the quest for the Orb.
     0 | D:1      | Reached XP level 1. HP: 19/19 MP: 0/0
   316 | D:1      | Reached XP level 2. HP: 26/27 MP: 1/1
   643 | D:1      | Found a faded altar of an unknown god.
  1169 | D:2      | Noticed Natasha
  1174 | D:2      | Reached XP level 3. HP: 21/33 MP: 2/2
  1181 | D:1      | HP: 1/33 [Natasha (6)]
  1183 | D:1      | Killed Natasha
  1857 | D:2      | Noticed Jessica
  1881 | D:2      | Killed Jessica
  1882 | D:2      | Reached XP level 4. HP: 25/40 MP: 3/3
  3249 | D:3      | Reached XP level 5. HP: 33/47 MP: 4/4
  3367 | D:3      | Found a stormy altar of Qazlal.
  3874 | D:4      | Found an ancient bone altar of Kikubaaqudgha.
  3877 | D:4      | Found a radiant altar of Vehumet.
  3877 | D:4      | Found a hide-covered altar of Uskayaw.
  3965 | D:4      | Reached skill level 1 in Throwing
  3965 | D:4      | Reached skill level 5 in Armour
  3965 | D:4      | Reached skill level 1 in Dodging
  4055 | D:4      | Reached skill level 5 in Axes
  4066 | D:4      | Found an opulent altar of Gozag.
  4226 | D:4      | Reached XP level 6. HP: 18/53 MP: 5/5
  4227 | D:4      | HP: 2/53 [gnoll (3)]
  4229 | D:4      | Mangled by a gnoll

Illustrated notes

Levels and vault maps discovered:
D:1:      nicolae_arrival_washed_ashore, layout_loops_corners,
          chequers_ecumenical_altar_island
D:2:      layout_basic, minivault_4, kennysheep_minor_cross, uniq_jessica,
          uniq_natasha
D:3:      layout_basic, nicolae_qazlal_scattered_showers, minmay_checkerbox
D:4:      layout_loops_ring, grunt_gozag_breadcrumbs, minitemple,
          uniq_crazy_yiuf_cottage

Skill      XL: |  1  2  3  4  5 |
---------------+----------------+-----
Shields        | 4 |  4.3
Fighting       | 4 |  4.4
Armour         | 4 5 |  5.1
Axes           | 3 4 5 |  5.0
Throwing       | 1 |  1.0
Dodging        | 1 |  1.2
Stealth        | |  0.2

Action                   |  1- 3 |  4- 6 || total
-------------------------+-------+-------++-------
Melee: War axe           |    19 |       ||    19
       Headbutt          |     9 |    11 ||    20
       Executioner's axe |    48 |    83 ||   131
Throw: Boomerang         |       |    31 ||    31
  Use: Potion            |     1 |       ||     1
Armor: Scale mail        |    41 |    60 ||   101
Dodge: Dodged            |    56 |    65 ||   121
Block: Buckler           |     2 |       ||     2

Table legend: (Time is in decaauts)
 A = Elapsed time spent in this place.
 B = Non-inter-level travel time spent in this place.
 C = Inter-level travel time spent in this place.
 D = Time resting spent in this place.
 E = Time spent auto-exploring this place.
 F = Levels seen in this place.
 G = Mean time per level.
                   A        B        C        D        E       F      G
               +--------+--------+--------+--------+--------+-----+--------+
         Total |   4358 |   4237 |    121 |    562 |   2981 |   4 | 1089.5 |
       Dungeon |   4358 |   4237 |    121 |    562 |   2981 |   4 | 1089.5 |
               +--------+--------+--------+--------+--------+-----+--------+

Top non-repeatable levels by time:
     D:1: 1699 daAuts
     D:2: 1160 daAuts
     D:3: 893 daAuts
     D:4: 606 daAuts
